 Seeded DCSS version 0.28-a0-1555-g9ae15a6949 (webtiles) character file.

Game seed: 11087003400880552656 (custom seed)

10645 knot the Cleaver (level 11, -8/85 HPs)
             Began as a Demonspawn Berserker on Jan 18, 2022.
             Was an Elder of Trog.
             Mangled by a manticore (9 damage)
             ... on level 11 of the Dungeon.
             The game lasted 00:18:30 (13271 turns).

knot the Cleaver (Demonspawn Berserker)            Turns: 13271, Time: 00:18:30

Health: -8/85      AC: 19    Str: 24    XL:     11   Next: 38%
Magic:  11/11      EV: 12    Int: 13    God:    Trog [****..]
Gold:   1695       SH:  0    Dex: 12    Spells: 10/10 levels left

rFire   . . .      SeeInvis .   u - +1 war axe (venom)
rCold   . . .      Faith    .   (no shield)
rNeg    . . .      Spirit   .   k - +1 ring mail of Lust {rPois Regen+}
rPois   +          Reflect  .   (no helmet)
rElec   .          Harm     .   (no cloak)
rCorr   .          Rampage  .   y - +1 pair of gloves
Will    +++..                   m - +1 pair of boots
Stlth   +.........              g - amulet of magic regeneration
HPRegen 3.04/turn               D - ring of the Tortoise {AC+8}
MPRegen 0.52/turn               F - +6 ring of strength

@: strong-willed, regenerating, slowed, invisible, very slow
A: powered by death 1, sturdy frame 1, weakness stinger 2, strong-willed 1,
robust 1
a: Renounce Religion, Berserk, Trog's Hand, Brothers in Arms


You were on level 11 of the Dungeon.
You worshipped Trog.
Trog was greatly pleased with you.
You visited 1 branch of the dungeon, and saw 11 of its levels.
You also visited: Ossuary.

You collected 1821 gold pieces.
You spent 126 gold pieces at shops.

Inventory:

Hand Weapons
 u - a +1 war axe of venom (weapon)
 L - a +1 battleaxe of draining
Missiles
 i - 521 stones
 j - 59 sling bullets
 q - 3 boomerangs
 x - 23 poisoned darts
 G - 3 javelins
 I - 4 curare-tipped darts (quivered)
Armour
 k - the +1 ring mail of Lust (worn) {rPois Regen+}
   (You found it on level 5 of the Dungeon)

   rPois:     It protects you from poison.
   Regen:     It increases your rate of health regeneration.
 m - a +1 pair of boots (worn)
 y - a +1 pair of gloves (worn)
Jewellery
 d - a ring of positive energy
 g - an amulet of magic regeneration (around neck)
 l - a ring of fire
 w - a ring of resist corrosion
 D - the ring of the Tortoise (left hand) {AC+8}
   (You acquired it on level 8 of the Dungeon)

   [ring of protection]

   AC:        It affects your AC (+8).
 F - a +6 ring of strength (right hand)
 K - an amulet of regeneration
 N - a ring of protection from fire
Wands
 a - a wand of acid (1)
 b - a wand of digging (3)
 t - a wand of charming (5)
 v - a wand of polymorph (7)
 A - a wand of paralysis (8)
 C - a wand of flame (16)
 H - a wand of mindburst (16)
 M - a wand of iceblast (7)
Scrolls
 e - 10 scrolls of identify
 h - 3 scrolls of teleportation
 n - 2 scrolls of amnesia
 r - 2 scrolls of blinking
 E - a scroll of magic mapping
Potions
 c - a potion of might
 f - 6 potions of curing
 o - a potion of invisibility
 p - a potion of degeneration
 s - a potion of magic
 z - 2 potions of mutation
 B - 2 potions of flight
 J - a potion of resistance


   Skills:
 - Level 4.9 Fighting
 * Level 11.5 Axes
 * Level 10.6 Throwing
 - Level 3.9 Armour
 - Level 3.9 Dodging


You had 10 spell levels left.
You didn't know any spells.
Your spell library contained the following spells:

 Spells                   Type           Power      Damage    Failure   Level
 Apportation              Tloc           0%         N/A       36%         1
 Tukima's Dance           Hex            0%         N/A       75%         3
 Anguish                  Hex/Necr       0%         N/A       98%         4
 Passage of Golubria      Tloc           0%         N/A       98%         4
 Alistair's Intoxication  Tmut/Pois      0%         N/A       100%        5
 Yara's Violent Unravell  Hex/Tmut       0%         3d3       100%        5
 Enfeeble                 Hex            0%         N/A       100%        7


Dungeon Overview and Level Annotations

Branches:
Dungeon (11/15)            Temple (0/1) D:6            Lair (0/6) D:11
Ossuary (visited)
    Orc: D:9-12

Altars:
Ashenzari
Hepliaklqana
Kikubaaqudgha
Nemelex Xobeh
Okawaru
Ru
Sif Muna
Trog
Uskayaw
Vehumet
The Shining One

Shops:
D:3 [

Annotations:
D:11 Gastronok


Innate Abilities, Weirdness & Mutations

You regenerate a little health from kills.
Your movements are slightly less encumbered by armour. (ER -2)
You have a tail ending in a sharp stinger.
You are strong-willed. (Will+)
You are robust. (+10% HP)


Message History

Unknown command.
The barbs in your skin will harm you if you move.
Continue?
The barbed spikes dig painfully into your body as you move.
* * * LOW HITPOINT WARNING * * *
The orc hits your two-headed ogre with a +0 dagger.
Your two-headed ogre closely misses the orc.
Your two-headed ogre misses the orc.
Unknown command.
Throw: 5 darts (curare)
Press: ? - help, Q - select action, (/) - cycle Shift-Dir - straight line, f - Gastronok
Aim: Gastronok, wearing a +0 hat (covering ground quickly, 94% to hit)
You throw a curare-tipped dart. The curare-tipped dart hits Gastronok.
Gastronok is poisoned.
Gastronok convulses.
Gastronok seems to slow down.
Gastronok is lightly wounded.
The manticore bites you!
* * * LOW HITPOINT WARNING * * *
The manticore claws you but does no damage. x2
The orc barely misses your two-headed ogre.
Your two-headed ogre hits the orc with a +0 giant club.
Your two-headed ogre closely misses the orc.
The shadow strikes at you from the darkness!
Reactivating autopickup.
Your skin crawls.
You feel strong-willed.
You carefully extract the barbed spikes from your body.
The manticore closely misses you.
The manticore claws you but does no damage.
The manticore claws you.
* * * LOW HITPOINT WARNING * * *
Your two-headed ogre hits the orc with a +0 giant club!
The orc dies!
Trog accepts your kill.
The shadow slips into darkness.
The shadow flickers and vanishes!
Deactivating autopickup; reactivate with Ctrl-A.
The manticore bites you!
* * * LOW HITPOINT WARNING * * *
The manticore claws you!
You die...

.......#....#
.......#....#
.......+....# .
#.....#....# ..
#.....#....# ...
#.....#....# ....
#.....#....#
..... #....'....#
......#{@..#.[..#
.>...(wHO..#....#
......†)...#....#
.....o#....#<...#
.....##....#....+
..... #....#....#
.... #....#....#
... #....#....#
..# #....#....#


You could see Gastronok (swift, very poisoned, slow), a manticore, an orc priest
and a friendly two-headed ogre (summoned, berserk).

Vanquished Creatures
  2 two-headed ogres
  The ghost of shadowrider38 the Magician, a novice DjAE of Makhleb (D:6)
  A manticore (D:10)
  2 kobold demonologists (D:10)
  2 trolls
  Grinder (D:5)
  Sigmund (D:3)
  A shadow (D:10)
  A wyvern (D:9)
  A vampire (D:9)
  19 yaks
  A wraith (D:9)
  Menkaure (Ossuary)
  3 wargs (D:11)
  3 sky beasts
  3 ogres
  A wolf (D:6)
  5 centaurs
  2 bullfrogs (D:8)
  4 kobold brigands
  2 scorpions
  A wyvern skeleton (D:7)
  2 water moccasin skeletons
  4 killer bees (D:10)
  3 howler monkeys
  A spectral centaur (D:6)
  5 centaur zombies
  A jelly (D:5)
  A bullfrog zombie (D:6)
  A centaur skeleton (D:5)
  A gnoll shaman (D:9)
  3 orc priests
  2 hounds
  Natasha (thrice) (D:2)
  4 iguanas
  5 orc wizards
  A centaur simulacrum (D:6)
  A hound zombie (D:5)
  A spectral howler monkey (D:6)
  2 hound skeletons (D:4)
  3 mummies (Ossuary)
  6 gnolls
  6 adders
  An adder skeleton (D:4)
  6 worms
  3 dart slugs
  23 orcs
  8 ball pythons
  5 bats
  3 endoplasms
  2 giant cockroaches
  5 goblins
  4 hobgoblins
  17 kobolds
  2 quokkas
  5 frilled lizards
  5 gnoll skeletons (Ossuary)
  5 gnoll zombies (Ossuary)
  4 goblin skeletons (Ossuary)
  4 goblin zombies (Ossuary)
  2 hobgoblin skeletons (Ossuary)
  5 hobgoblin zombies (Ossuary)
  4 kobold skeletons (Ossuary)
  2 kobold zombies (Ossuary)
  3 orc skeletons (Ossuary)
  An orc zombie (Ossuary)
  2 quokka zombies (D:8)
  5 rats
  7 rat skeletons (Ossuary)
  8 rat zombies (Ossuary)
255 creatures vanquished.

Vanquished Creatures (collateral kills)
  A moth of wrath (D:9)
  A centaur (D:8)
  An orc (D:11)
3 creatures vanquished.

Vanquished Creatures (others)
  A spectral centaur (D:6)
  An orc wizard (D:11)
  13 plants (D:4)
15 creatures vanquished.

Grand Total: 273 creatures vanquished

Notes
Turn   | Place    | Note
-------+----------+-------------------------------------------
     0 | D:1      | knot the Demonspawn Berserker began the quest for the Orb.
     0 | D:1      | Reached XP level 1. HP: 18/18 MP: 1/1
   286 | D:1      | Gained mutation: Your movements are slightly less
                  | encumbered by armour. (ER -2) [demonic ancestry]
   286 | D:1      | Reached XP level 2. HP: 23/24 MP: 2/2
   892 | D:1      | Found a faded altar of an unknown god.
  1523 | D:2      | Reached skill level 3 in Axes
  1527 | D:2      | Noticed Natasha
  1533 | D:2      | Noticed a crimson imp
  1536 | D:2      | Killed Natasha
  1537 | D:2      | Gained mutation: You have a small tail. [demonic ancestry]
  1537 | D:2      | Reached XP level 3. HP: 5/29 MP: 3/3
  2249 | D:2      | Reached XP level 4. HP: 23/35 MP: 4/4
  2443 | D:2      | Noticed Natasha
  2452 | D:2      | Killed Natasha
  2572 | D:2      | Noticed Natasha
  2580 | D:2      | Killed Natasha
  3129 | D:3      | Reached XP level 5. HP: 36/42 MP: 5/5
  3431 | D:3      | Noticed Sigmund
  3440 | D:3      | Killed Sigmund
  3441 | D:3      | Gained mutation: You have a tail ending in a sharp stinger.
                  | [demonic ancestry]
  3441 | D:3      | Reached XP level 6. HP: 39/48 MP: 6/6
  3689 | D:3      | Found Hasch's Armour Boutique.
  3869 | D:4      | Reached skill level 4 in Axes
  4881 | D:4      | Found a sparkling altar of Nemelex Xobeh.
  4881 | D:4      | Found a hazy altar of Hepliaklqana.
  4991 | D:4      | You fall into a shaft and drop 2 floors!
  5015 | D:6      | Reached XP level 7. HP: 55/55 MP: 7/7
  5036 | D:6      | Reached ** piety under Trog
  5214 | D:6      | Found a staircase to the Ecumenical Temple.
  5315 | D:6      | Reached skill level 1 in Throwing
  5697 | D:5      | Entered Level 5 of the Dungeon
  5710 | D:5      | Reached skill level 5 in Axes
  6417 | D:5      | Reached XP level 8. HP: 51/61 MP: 8/8
  6772 | D:5      | Found a hide-covered altar of Uskayaw.
  6792 | D:5      | Identified the +1 ring mail of Lust {rPois Regen+}
  6812 | D:5      | Noticed Grinder
  6813 | D:5      | Found an iron altar of Okawaru.
  6816 | D:5      | Paralysed by Grinder for 2 turns
  6828 | D:5      | Killed Grinder
  6829 | D:5      | Reached skill level 6 in Axes
  7333 | D:5      | Identified a scroll of acquirement
  7333 | D:5      | Acquired 1183 gold pieces
  7361 | D:3      | Bought a +1 pair of gloves for 126 gold pieces
  7741 | D:6      | Found a runed translucent gate.
  7741 | D:6      | Found a runed translucent gate.
  7743 | D:6      | Found a runed translucent gate.
  7748 | D:6      | Noticed shadowrider38's ghost (novice DjAE)
  7758 | D:6      | Reached skill level 5 in Throwing
  8324 | D:6      | Reached skill level 7 in Axes
  8337 | D:6      | Killed shadowrider38's ghost
  8338 | D:6      | Reached XP level 9. HP: 67/67 MP: 9/9
  8639 | D:7      | Found a shimmering blue altar of Sif Muna.
  9094 | D:7      | Reached skill level 8 in Axes
  9319 | D:8      | Found a sand-covered staircase.
  9367 | Ossuary  | Entered an ossuary
  9482 | Ossuary  | Reached *** piety under Trog
  9678 | Ossuary  | Reached **** piety under Trog
  9687 | Ossuary  | Noticed Menkaure
  9694 | Ossuary  | Killed Menkaure
  9758 | Ossuary  | Gained mutation: You are robust. (+10% HP) [potion of
                  | mutation]
  9758 | Ossuary  | Gained mutation: You are strong-willed. (Will+) [potion of
                  | mutation]
  9834 | D:8      | Reached skill level 9 in Axes
  9835 | D:8      | Found a sacrificial altar of Ru.
  9835 | D:8      | Found an ancient bone altar of Kikubaaqudgha.
 10001 | D:8      | Noticed a two-headed ogre
 10024 | D:8      | Killed a two-headed ogre
 10025 | D:8      | Reached XP level 10. HP: 36/80 MP: 10/10
 10518 | D:8      | Acquired the ring of the Tortoise {AC+8}
 10518 | D:8      | Found the ring of the Tortoise {AC+8}
 10931 | D:9      | Reached skill level 10 in Axes
 11181 | D:9      | Identified the +2 leather armour of Coguen {rN+ Dex+2}
 11794 | D:9      | Found a broken altar of Ashenzari.
 11843 | D:9      | Noticed a moth of wrath
 11846 | D:9      | Found a bloodstained altar of Trog.
 12011 | D:9      | Killed a moth of wrath
 12151 | D:10     | Entered Level 10 of the Dungeon
 12155 | D:10     | Noticed a manticore
 12168 | D:10     | Killed a manticore
 12169 | D:10     | Gained mutation: You regenerate a little health from kills.
                  | [demonic ancestry]
 12169 | D:10     | Reached XP level 11. HP: 57/85 MP: 11/11
 12322 | D:10     | Noticed a two-headed ogre
 12331 | D:10     | Killed a two-headed ogre
 12332 | D:10     | Reached skill level 11 in Axes
 12332 | D:10     | Reached skill level 10 in Throwing
 12370 | D:10     | Found a radiant altar of Vehumet.
 12561 | D:10     | Noticed a sun demon
 13007 | D:10     | Identified the +5 robe "Yxageyq" {Harm Drain rElec rPois}
 13250 | D:11     | Found a staircase to the Lair.
 13250 | D:11     | Noticed Gastronok
 13271 | D:11     | HP: 1/85 [manticore (15)]
 13271 | D:11     | Mangled by a manticore

Illustrated notes

Levels and vault maps discovered:
D:1:      wheals_arrival_linesprint, layout_basic,
          dreamdust_ecumenical_altar_statues
D:2:      layout_loops_cross, kennysheep_boxes, uniq_natasha
D:3:      layout_loops_ring, serial_shops, nicolae_shop_behind_doors,
          uniq_sigmund
D:4:      layout_cave_pods, minitemple, serial_bayou_lagoon_a
D:5:      layout_layer_cave, old_standard_altar, mainiacjoe_overflow_paths,
          hangedman_abyss_or_decor_stabs, uniq_grinder
D:6:      layout_layer_cave, temple_doors_e, gammafunk_ghost_necromancy,
          gup_sewer_entry_glass, minmay_misc_feat_hallway
D:7:      layout_gridville, mainiacjoe_overflow_alcove_2, due_unseen_surprise
D:8:      layout_rooms, grunt_temple_overflow_open, enter_ossuary_4
D:9:      layout_long_grid, mainiacjoe_overflow_six_doors_small, tgw_trog,
          grunt_decor_arrowhead, minmay_chambers_of_fives
D:10:     layout_loops_ring, mainiacjoe_overflow_small_starburst
D:11:     minmay_clustersquares, layout_stronghold, erik_lair_orcish_takeover,
          minmay_misc_feat_encased, uniq_gastronok

Skill      XL: |  1  2  3  4  5  6  7  8  9 10 11 |
---------------+----------------------------------+-----
Armour         | 2 3 |  3.9
Dodging        | 2 3 |  3.9
Axes           | 3 4 5 7 9 10 11 | 11.5
Fighting       | 4 |  4.9
Throwing       | 2 5 8 9 10 | 10.6

Action                   |  1- 3 |  4- 6 |  7- 9 | 10-12 || total
-------------------------+-------+-------+-------+-------++-------
Melee: Hand axe          |    89 |    31 |       |       ||   120
       Punch             |     2 |     2 |     4 |     5 ||    13
       Tailslap          |     1 |    17 |    50 |    38 ||   106
       War axe           |       |    61 |   308 |   199 ||   568
Throw: Dart              |       |       |     6 |     1 ||     7
       Boomerang         |       |       |       |    23 ||    23
Invok: Berserk           |     2 |     6 |     7 |     4 ||    19
       Trog's Hand       |       |       |     4 |     1 ||     5
       Brothers in Arms  |       |       |       |     4 ||     4
Evoke: Wand              |       |     8 |     9 |     3 ||    20
  Use: Potion            |       |     1 |     9 |     2 ||    12
       Scroll            |       |       |     8 |     9 ||    17
 Stab: Sleeping          |     1 |       |       |       ||     1
Armor: Animal skin       |    31 |    24 |    13 |       ||    68
       Ring mail         |       |       |    90 |   132 ||   222
       Scale mail        |       |       |     2 |       ||     2
Dodge: Dodged            |    58 |    89 |   187 |   157 ||   491

Table legend: (Time is in decaauts)
 A = Elapsed time spent in this place.
 B = Non-inter-level travel time spent in this place.
 C = Inter-level travel time spent in this place.
 D = Time resting spent in this place.
 E = Time spent auto-exploring this place.
 F = Levels seen in this place.
 G = Mean time per level.
                   A        B        C        D        E       F      G
               +--------+--------+--------+--------+--------+-----+--------+
         Total |  13562 |  13171 |    391 |   3558 |   7723 |  12 | 1130.2 |
       Dungeon |  13148 |  12757 |    391 |   3522 |   7586 |  11 | 1195.3 |
       Ossuary |    413 |    413 |      0 |     36 |    137 |   1 |  413.0 |
               +--------+--------+--------+--------+--------+-----+--------+

Top non-repeatable levels by time:
     D:4: 1933 daAuts
     D:6: 1651 daAuts
     D:2: 1601 daAuts
     D:1: 1384 daAuts
     D:9: 1265 daAuts
     D:5: 1109 daAuts
     D:8: 1099 daAuts
    D:10: 1064 daAuts
     D:7: 1008 daAuts
     D:3: 972 daAuts
 Ossuary: 413 daAuts
    D:11: 60 daAuts
